 Dungeon Crawl Stone Soup version 0.30.0-5-g1a98f26d00 (webtiles) character file.

Game seed: 16322567837819795787

754 edwardauron the Skirmisher (level 7, -3/56 HPs)
             Began as a Gnoll Hunter on May 12, 2023.
             Was a Believer of Vehumet.
             Killed from afar by a gargoyle (14 damage)
             ... with a stone arrow
             ... on level 6 of the Dungeon.
             The game lasted 00:06:53 (4103 turns).

edwardauron the Skirmisher (Gnoll Hunter)           Turns: 4103, Time: 00:06:54

Health: -3/56      AC:  6    Str:  9    XL:     7   Next: 79%
Magic:  11/11      EV: 12    Int:  8    God:    Vehumet [**....]
Gold:   366        SH:  0    Dex: 17    Spells: 4/11 levels left

rFire   . . .        a - +0 shortbow
rCold   . . .        (shield currently unavailable)
rNeg    . . .        E - +0 ring mail
rPois   .            (no helmet)
rElec   .            o - +0 cloak
rCorr   .            (no gloves)
SInv    .            (no boots)
Will    .....        (no amulet)
Stlth   ++           q - +4 ring of slaying
HPRegen 0.29/turn    y - ring of wizardry
MPRegen 0.12/turn

%: wizardry (x1)
@: no status effects
A: fangs 1, strong nose, distributed training, weak 1
a: Renounce Religion


You were on level 6 of the Dungeon.
You worshipped Vehumet.
Vehumet was pleased with you.
You visited 1 branch of the dungeon, and saw 6 of its levels.

You collected 366 gold pieces.

Inventory:

Hand Weapons
 a - a +0 shortbow (weapon)
 b - a +1 antimagic short sword
Missiles
 k - 2 throwing nets
Armour
 m - the +5 Storm Queen's Shield {shock, Fly rElec}
   (You found it on level 2 of the Dungeon)

   Shock:     When it blocks an attack, it may electrocute the attacker.
   This works even against foes who are a short distance away.
   rElec:     It insulates you from electricity.
   Fly:       It grants you flight.
 o - a +0 cloak (worn)
 E - a +0 ring mail (worn)
Magical Staves
 u - a staff of air
Jewellery
 p - a ring of magical power
 q - a +4 ring of slaying (left hand)
 r - a ring of resist corrosion
 y - a ring of wizardry (right hand)
Wands
 f - a wand of light (9)
 B - a wand of iceblast (15)
Scrolls
 d - 2 scrolls of poison
 i - 3 scrolls of immolation
 t - a scroll of fear
 x - a scroll of fog
 C - a scroll of teleportation
Potions
 e - 3 potions of curing
 g - a potion of magic
 h - 3 potions of mutation
 j - a potion of flight {unknown}
 l - a potion of ambrosia {unknown}
 n - a potion of brilliance {unknown}
 s - a potion of attraction {unknown}
 v - 2 potions of heal wounds {unknown}
 w - 2 potions of might {unknown}
 z - a potion of berserk rage {unknown}
 A - a potion of cancellation {unknown}
 D - a potion of degeneration {unknown}


   Skills:
 + Level 5.4 Fighting
 + Level 2.8 Short Blades
 + Level 2.8 Long Blades
 + Level 2.8 Axes
 + Level 2.8 Maces & Flails
 + Level 2.8 Polearms
 + Level 2.8 Staves
 + Level 9.0 Ranged Weapons
 + Level 2.8 Throwing
 + Level 2.8 Armour
 + Level 5.4 Dodging
 + Level 3.7 Stealth
 + Level 2.8 Shields
 + Level 2.8 Unarmed Combat
 + Level 2.8 Spellcasting
 + Level 2.3 Conjurations
 + Level 2.3 Hexes
 + Level 2.3 Summonings
 + Level 2.3 Necromancy
 + Level 2.3 Translocations
 + Level 2.3 Transmutations
 + Level 2.3 Fire Magic
 + Level 2.3 Ice Magic
 + Level 2.3 Air Magic
 + Level 2.3 Earth Magic
 + Level 2.3 Poison Magic
 + Level 3.1 Invocations
 + Level 2.8 Evocations


You had 4 spell levels left.
You knew the following spells:

 Your Spells              Type           Power      Damage    Failure   Level
a - Magic Dart            Conj           16%        1d3       14%         1
b - Ozocubu's Armour      Ice            4%         N/A       38%         3
c - Tukima's Dance        Hex            4%         N/A       38%         3

Your spell library contained the following spells:

 Spells                   Type           Power      Damage    Failure   Level
 Foxfire                  Conj/Fire      16%        2x1d4     14%         1
 Slow                     Hex            16%        N/A       14%         1
 Confusing Touch          Hex            4%         N/A       38%         3
 Vampiric Draining        Necr           4%         2d6       38%         3
 Olgreb's Toxic Radiance  Pois           4%         N/A       77%         4
 Passage of Golubria      Tloc           4%         N/A       77%         4
 Metabolic Englaciation   Hex/Ice        2%         N/A       97%         5
 Yara's Violent Unravell  Hex/Tmut       2%         3d3       97%         5
 Simulacrum               Ice/Necr       2%         N/A       100%        6
 Discord                  Hex            2%         N/A       100%        8
 Ignition                 Fire           2%         3d3       100%        8


Dungeon Overview and Level Annotations

Branches:
Dungeon (6/15)
 Temple: D:4-7

Altars:
Vehumet

Shops:
D:1 ?*??:

Annotations:
D:5 1 runed translucent door, GreenGuy14's ghost, novice HuFi


Innate Abilities, Weirdness & Mutations

You have very sharp teeth.
Your uncanny sense of smell can sniff out nearby items.
Your experience applies equally to all skills.
You are weak. (Str -2)


Message History

Fire: a) +0 shortbow
Press: ? - help, Q - select action, (/) - cycle Shift-Dir - straight line, f/p - gargoyle
Aim: a gargoyle, wielding a +2 flail of protection (moderately damaged, 81% to hit)
You shoot an arrow.
The arrow hits the gargoyle but does no damage.
The gargoyle is moderately damaged.
The gargoyle completely misses you.
The gargoyle hits you with a +2 flail of protection!
Fire: a) +0 shortbow
Press: ? - help, Q - select action, (/) - cycle Shift-Dir - straight line, f/p - gargoyle
Aim: a gargoyle, wielding a +2 flail of protection (moderately damaged, 81% to hit)
You shoot an arrow. The arrow hits the gargoyle.
The gargoyle is heavily damaged.
The gargoyle hurls a stone arrow at you.
The stone arrow hits you.
Fire: a) +0 shortbow
Press: ? - help, Q - select action, (/) - cycle Shift-Dir - straight line, f/p - gargoyle
Aim: a gargoyle, wielding a +2 flail of protection (moderately damaged, 81% to hit)
You shoot an arrow.
The arrow hits the gargoyle but does no damage.
The gargoyle is moderately damaged.
The gargoyle barely misses you.
Fire: a) +0 shortbow
Press: ? - help, Q - select action, (/) - cycle Shift-Dir - straight line, f/p - gargoyle
Aim: a gargoyle, wielding a +2 flail of protection (moderately damaged, 81% to hit)
You shoot an arrow.
The arrow hits the gargoyle but does no damage.
The gargoyle is moderately damaged.
The gargoyle hits you with a +2 flail of protection!
* * * LOW HITPOINT WARNING * * *
Fire: a) +0 shortbow
Press: ? - help, Q - select action, (/) - cycle Shift-Dir - straight line, f/p - gargoyle
Aim: a gargoyle, wielding a +2 flail of protection (moderately damaged, 81% to hit)
You shoot an arrow. The arrow barely misses the gargoyle.
The gargoyle misses you.
It was a potion of mutation.
You feel extremely strange.
You feel weaker.
The gargoyle hurls a stone arrow at you.
The stone arrow hits you!
You die...

#.#.# .... #.#.#.#
.# .... ..#.#.# .#
##. ....
#.#.#.###.#.....
#..
#.#.............
...#.#.9.....#...
#####.#.#.#.###...
........#)#.###.#
.#######.9.#..9@.#
∆
.........#########
.........#
.........#
........########
....>...........
........†#########
.....#...........#
.....#...........#


You could see a gargoyle.

Vanquished Creatures
  A black bear (D:5)
  An ogre (D:5)
  3 scorpions
  A hound (D:5)
  An orc priest (D:3)
  Jessica (D:3)
  4 iguanas
  3 orc wizards
  8 adders
  A worm (D:4)
  2 dart slugs
  10 orcs
  5 ball pythons
  6 endoplasms
  2 giant cockroaches
  5 goblins
  6 hobgoblins
  8 kobolds
  A quokka (D:3)
  6 bats
  3 rats
78 creatures vanquished.

Notes
Turn   | Place    | Note
-------+----------+-------------------------------------------
     0 | D:1      | edwardauron the Gnoll Hunter began the quest for the Orb.
     0 | D:1      | Reached XP level 1. HP: 20/20 MP: 1/1
    41 | D:1      | Found Zigexoak's Book Boutique.
   170 | D:1      | Found Liruamom's Magic Scroll Emporium.
   290 | D:1      | Reached XP level 2. HP: 26/26 MP: 2/2
   312 | D:1      | Found a faded altar of an unknown god.
   424 | D:1      | Prayed at the altar of an unknown god.
   424 | D:1      | Became a worshipper of Vehumet
   424 | D:1      | Reached * piety under Vehumet
   424 | D:1      | Offered knowledge of Magic Dart by Vehumet.
   474 | D:1      | Found Hivvuobi's General Store.
   478 | D:1      | Learned a level 1 spell: Magic Dart
   479 | D:1      | Found Edeuch's Magic Scroll Emporium.
   577 | D:1      | Found Kuheusmirph's Magic Scroll Shoppe.
   680 | D:2      | Found the +5 Storm Queen's Shield {shock, Fly rElec}
   926 | D:2      | Reached XP level 3. HP: 31/31 MP: 3/3
   995 | D:2      | Reached skill level 1 in Invocations
  1102 | D:2      | Reached skill level 1 in Short Blades
  1102 | D:2      | Reached skill level 1 in Long Blades
  1102 | D:2      | Reached skill level 1 in Axes
  1102 | D:2      | Reached skill level 1 in Maces & Flails
  1102 | D:2      | Reached skill level 1 in Polearms
  1102 | D:2      | Reached skill level 1 in Staves
  1102 | D:2      | Reached skill level 1 in Throwing
  1102 | D:2      | Reached skill level 1 in Armour
  1102 | D:2      | Reached skill level 1 in Shields
  1102 | D:2      | Reached skill level 1 in Unarmed Combat
  1102 | D:2      | Reached skill level 1 in Spellcasting
  1102 | D:2      | Reached skill level 1 in Evocations
  1395 | D:2      | Reached XP level 4. HP: 38/38 MP: 5/5
  1617 | D:3      | Reached ** piety under Vehumet
  1617 | D:3      | Offered knowledge of Foxfire by Vehumet.
  1646 | D:3      | Reached skill level 1 in Conjurations
  1646 | D:3      | Reached skill level 1 in Hexes
  1646 | D:3      | Reached skill level 1 in Summonings
  1646 | D:3      | Reached skill level 1 in Necromancy
  1646 | D:3      | Reached skill level 1 in Translocations
  1646 | D:3      | Reached skill level 1 in Transmutations
  1646 | D:3      | Reached skill level 1 in Fire Magic
  1646 | D:3      | Reached skill level 1 in Ice Magic
  1646 | D:3      | Reached skill level 1 in Air Magic
  1646 | D:3      | Reached skill level 1 in Earth Magic
  1646 | D:3      | Reached skill level 1 in Poison Magic
  1765 | D:3      | Reached XP level 5. HP: 6/43 MP: 5/7
  1838 | D:3      | Learned a level 3 spell: Ozocubu's Armour
  1842 | D:3      | Learned a level 3 spell: Tukima's Dance
  2182 | D:3      | Noticed Jessica
  2185 | D:3      | Killed Jessica
  2348 | D:3      | Reached XP level 6. HP: 50/50 MP: 8/8
  2390 | D:4      | Reached skill level 5 in Fighting
  2390 | D:4      | Reached skill level 5 in Dodging
  3049 | D:5      | Entered Level 5 of the Dungeon
  3172 | D:5      | Reached XP level 7. HP: 56/56 MP: 10/10
  3232 | D:5      | Reached skill level 9 in Ranged Weapons
  3409 | D:5      | Found a runed translucent door.
  3502 | D:5      | Noticed GreenGuy14's ghost (novice HuFi)
  4080 | D:6      | Noticed a gargoyle
  4103 | D:6      | Gained mutation: You are weak. (Str -2) [potion of
                  | mutation]
  4103 | D:6      | Killed from afar by a gargoyle

Illustrated notes

Levels and vault maps discovered:
D:1:      spicycebolla_arrival_xxxplode, layout_basic, serial_shops, shop, shop,
          nicolae_shop_peninsula, shop, nicolae_shop_peninsula,
          shapermc_ecumenical_altar_ellora
D:2:      layout_basic, grunt_ministairs_3, minmay_statues_item
D:3:      layout_basic, kennysheep_doodads, minmay_splitting_lines, uniq_jessica
D:4:      layout_basic
D:5:      layout_basic, ebering_ghost_reflecting_pool
D:6:      layout_basic, minitemple, temple_hall

Skill      XL: |  1  2  3  4  5  6  7 |
---------------+----------------------+-----
Invocations    | 1 2 3 |  3.1
Short Blades   | 1 2 |  2.8
Long Blades    | 1 2 |  2.8
Axes           | 1 2 |  2.8
Maces & Flails | 1 2 |  2.8
Polearms       | 1 2 |  2.8
Staves         | 1 2 |  2.8
Throwing       | 1 2 |  2.8
Armour         | 1 2 |  2.8
Shields        | 1 2 |  2.8
Unarmed Combat | 1 2 |  2.8
Spellcasting   | 1 2 |  2.8
Evocations     | 1 2 |  2.8
Conjurations   | 1 2 |  2.3
Hexes          | 1 2 |  2.3
Summonings     | 1 2 |  2.3
Necromancy     | 1 2 |  2.3
Translocations | 1 2 |  2.3
Transmutations | 1 2 |  2.3
Fire Magic     | 1 2 |  2.3
Ice Magic      | 1 2 |  2.3
Air Magic      | 1 2 |  2.3
Earth Magic    | 1 2 |  2.3
Poison Magic   | 1 2 |  2.3
Stealth        | 3 |  3.7
Fighting       | 5 |  5.4
Dodging        | 5 |  5.4
Ranged Weapons | 9 |  9.0

Action                     |  1- 3 |  4- 6 |  7- 9 || total
---------------------------+-------+-------+-------++-------
   Fire: Shortbow          |    60 |   102 |    31 ||   193
    Use: Scroll            |       |     5 |       ||     5
         Potion            |       |       |     2 ||     2
 Armour: Leather armour    |     2 |     3 |       ||     5
         Ring mail         |       |       |     2 ||     2
  Dodge: Dodged            |     9 |    11 |     5 ||    25
